 Dungeon Crawl Stone Soup version 0.20-a0-641-g673355a (webtiles) character file.

53 Chiseanne the Ducker (level 3, 0/18 HPs)
             Began as a Spriggan Wanderer on Feb 13, 2017.
             Killed by nerve-wracking pain
             ... invoked by a shadow imp
             ... summoned by Natasha
              (13 damage)
             ... on level 2 of the Dungeon.
             The game lasted 00:05:09 (1985 turns).

Chiseanne the Ducker (Spriggan Wanderer)            Turns: 1985, Time: 00:05:10

Health: 0/18       AC:  2    Str:  7    XL:     3   Next: 62%
Magic:  6/6        EV: 19    Int: 12    God:
Gold:   79         SH:  0    Dex: 18    Spells: 4/4 levels left

rFire    . . .     SeeInvis +   a - +2 dagger
rCold    . . .     Gourm    .   d - +0 robe
rNeg     . . .     Faith    .   (shield restricted)
rPois    .         Spirit   .   (helmet restricted)
rElec    .         Reflect  .   (no cloak)
rCorr    .         Harm     .   (gloves unavailable)
MR       .....                  (boots unavailable)
Stlth    ++........             (no amulet)
Regen    0.1/turn               (no ring)
MPRegen  0.1/turn               (no ring)

@: very quick
A: unfitting armour, see invisible, herbivore 3, speed 3, slow metabolism 2
a: no special abilities


You were on level 2 of the Dungeon.
You were not hungry.

You visited 1 branch of the dungeon, and saw 2 of its levels.

You collected 79 gold pieces.

Inventory:

Hand Weapons
 a - a +2 dagger (weapon)
 w - a +0 hunting sling
Missiles
 k - 33 arrows
 l - 8 stones (quivered)
 n - 15 sling bullets
 r - a throwing net
Armour
 d - a +0 robe (worn)
Scrolls
 b - a scroll of blinking
 h - a scroll of fear {unknown}
 i - 2 scrolls of remove curse {unknown}
 j - a scroll of teleportation {unknown}
 q - a scroll of immolation {unknown}
Potions
 e - a potion of cancellation
 p - a potion of lignification {unknown}
Comestibles
 f - a bread ration


   Skills:
 * Level 2.2 Fighting
   Level 2.1 Polearms
 * Level 3.8 Dodging
 - Level 3.0 Stealth
 - Level 1.3 Spellcasting
   Level 2.4 Hexes


You had 4 spell levels left.
You didn't know any spells.

Dungeon Overview and Level Annotations

Branches:
Dungeon (2/15)

Altars:

Annotations:
D:2 Natasha


Innate Abilities, Weirdness & Mutations

You are very small and have problems with some larger weapons.
You are too small for most types of armour.
You have supernaturally acute eyesight. (SInv)
You are a herbivore.
You cover ground extremely quickly.
You need consume almost no food.


Message History

Natasha completely misses you.
You hit Natasha.
Natasha is severely wounded.
The crimson imp closely misses you.
Natasha mumbles some strange words.
You hit Natasha.
Natasha is almost dead.
The crimson imp misses you. Natasha claws you.
* * * LOW HITPOINT WARNING * * *
You feel better.
The crimson imp hits you but does no damage.
Natasha closely misses you.
You hit Natasha.
Natasha is almost dead.
The crimson imp hits you but does no damage.
Natasha closely misses you. The shadow imp gestures at you.
Pain shoots through your body!
Ouch! That really hurt!
You die...

#.# ###.....#
#.# #†.w....#
#.###.#....S#
#....<#.#####
####.#####.#
#.....# .#
####..# .#
#..####.#
#..h@...####.#
#.)55........#
#.†.....######
#....####
######


You could see Natasha, a crimson imp and a shadow imp.

Vanquished Creatures
  A gnoll (D:2)
  3 dart slugs
  2 leopard geckos
  2 ball pythons
  6 bats
  A giant cockroach (D:1)
  3 hobgoblins (D:1)
  2 frilled lizards (D:2)
  6 goblins
  4 kobolds
  5 rats
35 creatures vanquished.

Notes
Turn   | Place    | Note
-------+----------+-------------------------------------------
     0 | D:1      | Chiseanne the Spriggan Wanderer began the quest for the Orb.
     0 | D:1      | Chiseanne set off with: a +2 dagger, a scroll of blinking, a +0 short sword, a +0 robe, a bread ration
     0 | D:1      | Reached XP level 1. HP: 10/10 MP: 3/3
   445 | D:1      | Reached XP level 2. HP: 4/14 MP: 5/5
  1610 | D:2      | Reached XP level 3. HP: 18/18 MP: 6/6
  1952 | D:2      | Noticed Natasha
  1985 | D:2      | Killed from afar by a shadow imp

Vault maps used:
D:1:      lightli_arrival_windingriver, grunt_decor_mini_mirrors,
          minmay_distorted
D:2:      first_bread, uniq_natasha, uniq_jessica

Skill      XL: |  1  2  3 |
---------------+----------+-----
Dodging        | 2 3 |  3.8
Fighting       | 2 |  2.2
Polearms       | |  2.1
Stealth        | |  3.0
Spellcasting   | |  1.3
Hexes          | |  2.4

Action                   || total
-------------------------++-------
Melee: Dagger            ||   119
       Unarmed           ||    16
 Fire: Hunting sling     ||    14
  Use: Scroll            ||     4
       Potion            ||     1
 Stab: Sleeping          ||     5
Armor: Robe              ||    12
       Skin              ||     1
Dodge: Dodged            ||   129
